Map: [ESL] Goldenaura

Players

Clem

  • Race: Terran Terran
  • Spawn Location: 12:00

MaxPax - Winner!

  • Race: Protoss Protoss
  • Spawn Location: 5:00

Event: ESL SC2 Masters 2023 Winter (Regional)

VOD

Have the link to the VOD?

Description

Time

  • Played on: Nov. 18, 2023, 8:40 a.m.
  • Length: 9:55

All games in this series

Show
View Real Time Build Order
Export as new Build Order

Clem Terran 

Build Orders: Widow Mine Drop 

Get SALT Encoding   

  12  0:00  SCV  
  13  0:12  SCV  
  14  0:17  Supply Depot  
  14  0:24  SCV  
  15  0:38  SCV  
  15  0:39  Barracks  
  16  0:44  Refinery  
  16  0:50  SCV  
  17  1:02  SCV  
  18  1:14  SCV  
  19  1:26  Orbital Command  
  19  1:28  Barracks Reactor  
  19  1:43  Command Center  
  19  1:47  Supply Depot  
  19  1:52  SCV  
  20  2:03  Marine x2  
  20  2:04  SCV  
  20  2:06  Refinery  
  23  2:15  Bunker  
  23  2:16  SCV  
  23  2:21  Reaper  
  23  2:22  Reaper  
  26  2:28  SCV  
  27  2:39  Factory  
  27  2:40  SCV  
  28  2:52  SCV  
  28  2:53  Marine x2  
  28  2:56  Orbital Command  
  31  3:05  SCV  
  32  3:09  Supply Depot  
  32  3:11  Marine x2  
  34  3:17  SCV  
  35  3:21  SCV  
  35  3:24  Starport  
  35  3:25  Widow Mine  
  38  3:29  Marine, SCV  
  38  3:31  Marine  
  38  3:33  SCV  
  42  3:36  Supply Depot  
  42  3:41  SCV  
  43  3:45  SCV  
  43  3:47  Widow Mine  
  46  3:49  Marine x2  
  46  3:53  SCV  
  49  3:57  Supply Depot  
  49  4:01  Medivac  
  49  4:02  SCV  
  52  4:05  SCV  
  52  4:06  Marine  
  52  4:07  Marine  
  57  4:12  Barracks  
  57  4:14  SCV  
  57  4:15  Factory Tech Lab  
  56  4:17  SCV  
  56  4:21  Supply Depot  
  56  4:23  Refinery  
  57  4:24  Marine x2  
  57  4:26  SCV  
  57  4:29  SCV  
  58  4:35  Cyclone  
  58  4:36  Viking  
  58  4:38  SCV  
  63  4:41  SCV  
  63  4:43  Supply Depot  
  64  4:46  Engineering Bay  
  64  4:47  Marine x2  
  64  4:50  SCV  
  67  4:54  SCV  
  67  4:56  Supply Depot  
  68  5:02  SCV  
  68  5:06  SCV  
  69  5:08  Barracks  
  69  5:09  Marine  
  69  5:10  Marine  
  69  5:13  Stimpack  
  70  5:14  Terran Infantry Weapons Level 1, SCV, Refinery  
  70  5:19  SCV  
  72  5:22  Marauder  
  72  5:25  Supply Depot  
  72  5:26  SCV  
  72  5:27  Marine  
  76  5:29  Marine  
  76  5:31  SCV  
  76  5:32  Factory Reactor  
  76  5:33  Starport Reactor  
  78  5:39  Supply Depot  
  78  5:47  Command Center  
  78  5:48  Marauder  
  78  5:49  Marine x2  
  81  5:56  Missile Turret  
  80  5:57  Missile Turret  
  80  6:04  Barracks Tech Lab  
  80  6:06  Marine x2  
  80  6:09  Marauder  
  80  6:10  Medivac x2  
  80  6:11  Widow Mine  
  90  6:20  Barracks  
  90  6:21  Barracks  
  90  6:23  Marauder  
  92  6:27  Marine  
  92  6:28  Marine  
  92  6:29  Combat Shield  
  92  6:31  SCV x2, Marauder  
  98  6:34  Widow Mine x2  
  102  6:45  Medivac x2  
  108  6:47  Marauder  
  108  6:48  Supply Depot  
  108  6:49  SCV x2  
  108  6:53  Concussive Shells  
  110  6:58  Marine x2  
  110  6:59  Marauder, Widow Mine x2  
  118  7:01  SCV  
  119  7:09  Missile Turret  
  119  7:10  Marauder  
  119  7:11  Barracks Tech Lab, Supply Depot  
  119  7:13  SCV  
  119  7:15  Barracks Reactor  
  122  7:16  SCV  
  122  7:20  Terran Infantry Armor Level 1  
  122  7:21  Marine x2  
  125  7:25  Supply Depot, SCV  
  125  7:27  Marauder  
  125  7:28  SCV  
  129  7:31  Marauder  
  129  7:33  SCV  
  129  7:37  Widow Mine x2  
  135  7:39  Marauder  
  135  7:40  SCV  
  135  7:42  SCV, Marine  
  135  7:45  Viking  
  135  7:49  Viking  
  135  7:50  SCV  
  138  7:53  SCV  
  138  7:54  Marauder  
  140  7:59  Orbital Command  
  140  8:02  SCV  
  140  8:03  Marauder x2  
  141  8:09  Marine, Refinery  
  141  8:10  Marine, Refinery  
  141  8:12  Marine x2  
  143  8:15  Marauder  
  143  8:16  Widow Mine x2  
  145  8:21  Supply Depot, Ghost Academy  
  145  8:24  Viking  
  145  8:26  Viking  
  149  8:32  Marauder  
  149  8:36  Bunker  
  149  8:42  Supply Depot  
  149  8:43  Marauder, Marine x5  
  149  8:46  Supply Depot  
  149  8:47  SCV x3  
  159  8:52  Ghost  
  159  8:54  Viking  
  159  8:55  Widow Mine x2  
  165  9:00  Ghost, Supply Depot  
  165  9:02  Viking, Marine  
  153  9:03  Marine x2  
  153  9:06  Ghost  
  152  9:13  Marine  
  151  9:19  Widow Mine x2  
  151  9:21  Ghost  
  124  9:24  Viking  
  124  9:29  Marine  
  96  9:33  Marine  
Show
View Real Time Build Order
Export as new Build Order

MaxPax Protoss - Winner!

Build Orders: 1 Gate Expand, Phoenix Opening, Colossus Rush 

Get SALT Encoding   

  12  0:00  Probe  
  13  0:12  Probe  
  14  0:18  Pylon  
  14  0:24  Probe (Chrono Boost)  
  15  0:36  Gateway  
  15  0:37  Probe (Chrono Boost)  
  16  0:44  Probe (Chrono Boost)  
  16  0:46  Assimilator  
  17  0:52  Probe  
  18  1:04  Probe  
  19  1:16  Probe  
  20  1:23  Cybernetics Core  
  20  1:33  Nexus  
  20  1:39  Probe  
  21  1:43  Pylon  
  21  1:50  Assimilator  
  21  1:52  Probe  
  22  1:59  Adept (Chrono Boost)  
  22  2:04  Probe  
  25  2:16  Probe  
  25  2:19  Adept (Chrono Boost)  
  28  2:27  Stargate  
  28  2:28  Probe  
  29  2:34  Shield Battery  
  29  2:37  Warp Gate  
  29  2:43  Probe (Chrono Boost)  
  30  2:45  Probe (Chrono Boost)  
  31  2:54  Probe (Chrono Boost)  
  31  2:56  Probe (Chrono Boost)  
  33  2:59  Probe (Chrono Boost)  
  35  3:06  Probe (Chrono Boost)  
  35  3:11  Probe (Chrono Boost), Pylon, Phoenix  
  39  3:21  Probe (Chrono Boost)  
  39  3:22  Probe (Chrono Boost)  
  39  3:23  Gateway  
  39  3:26  Probe (Chrono Boost)  
  40  3:28  Probe  
  42  3:36  Phoenix (Chrono Boost)  
  42  3:37  Probe  
  42  3:38  Robotics Facility  
  42  3:40  Probe  
  46  3:48  Pylon  
  46  3:49  Probe  
  46  3:50  Assimilator  
  46  3:53  Probe  
  46  3:54  Assimilator  
  48  3:58  Phoenix (Chrono Boost)  
  48  4:02  Probe  
  51  4:05  Probe  
  52  4:12  Pylon  
  52  4:16  Phoenix  
  54  4:17  Probe  
  54  4:18  Pylon  
  55  4:24  Probe  
  56  4:31  Robotics Bay  
  56  4:38  Probe  
  57  4:39  Immortal  
  57  4:40  Probe  
  61  4:49  Nexus  
  61  4:51  Shield Battery  
  61  4:53  Sentry  
  61  4:55  Probe  
  61  4:56  Probe  
  65  5:08  Probe  
  65  5:10  Pylon  
  65  5:12  Sentry  
  68  5:14  Probe  
  68  5:15  Colossus (Chrono Boost)  
  68  5:17  Pylon  
  74  5:30  Probe  
  74  5:32  Probe  
  76  5:42  Probe  
  79  5:44  Probe  
  79  5:47  Pylon  
  79  5:48  Shield Battery  
  80  5:54  Extended Thermal Lance, Probe (Chrono Boost)  
  82  5:57  Probe (Chrono Boost)  
  82  6:04  Probe (Chrono Boost)  
  81  6:06  Probe (Chrono Boost)  
  81  6:07  Twilight Council  
  81  6:08  Forge  
  81  6:09  Probe (Chrono Boost)  
  83  6:11  Colossus (Chrono Boost)  
  83  6:13  Probe (Chrono Boost)  
  83  6:14  Probe (Chrono Boost)  
  83  6:15  Probe (Chrono Boost)  
  83  6:18  Probe (Chrono Boost)  
  92  6:20  Probe  
  92  6:23  Probe  
  95  6:30  Gateway, Probe  
  95  6:31  Gateway  
  95  6:32  Probe  
  97  6:33  Pylon  
  97  6:38  Forge  
  97  6:42  Charge  
  97  6:45  Gateway  
  97  6:48  Protoss Ground Weapons Level 1 (Chrono Boost)  
  97  6:49  Gateway  
  97  6:57  Gateway  
  97  7:01  Gateway  
  97  7:03  Zealot x2, Colossus (Chrono Boost)  
  97  7:08  Pylon  
  107  7:10  Protoss Ground Armor Level 1 (Chrono Boost)  
  107  7:12  Phoenix  
  109  7:20  Nexus  
  109  7:22  Pylon  
  109  7:24  Zealot  
  109  7:27  Zealot  
  105  7:45  Nexus, Probe x3  
  105  7:48  Photon Cannon  
  105  7:50  Observer (Chrono Boost)  
  109  7:52  Zealot x4  
  109  7:57  Probe x2  
  119  8:00  Probe  
  120  8:07  Warp Prism (Chrono Boost)  
  120  8:09  Probe x2  
  120  8:12  Phoenix  
  126  8:15  Stalker x4  
  131  8:22  Probe  
  116  8:30  Probe x2  
  118  8:35  Zealot x4  
  124  9:01  Zealot x5, Stalker x3  
  126  9:22  Zealot x5  
  114  9:31  Zealot x3  
  112  9:42  Probe  
Tags
 
Add a new tag
Caveats
  • Supply blocks, unpowered buildings, or Contaminate may cause inaccurate times.
  • Supply counts are checked every 10 seconds.